 Dungeon Crawl Stone Soup version 0.29-a0-270-g1586fc07ea (webtiles) character file.

Game seed: 13726490458058953118

716 rabbitsville the Chiller (level 8, -10/52 HPs)
             Began as a Human Ice Elementalist on Mar 4, 2022.
             Was an Initiate of Sif Muna.
             Mangled by an ancient zyme (12 damage)
             ... on level 3 of the Abyss on Mar 7, 2022.
             The game lasted 00:30:23 (5731 turns).

rabbitsville the Chiller (Human Ice Elementalist)   Turns: 5731, Time: 00:30:23

Health: -10/52     AC:  5    Str:  9    XL:     8   Next: 1%
Magic:  15/15      EV: 12    Int: 28    God:    Sif Muna [......]
Gold:   257        SH:  0    Dex: 19    Spells: 10/16 levels left

rFire   + . .      SeeInvis .   D - +8 club
rCold   . . .      Faith    .   (no shield)
rNeg    . . .      Spirit   .   y - +0 leather armour of Toepp {rElec rF+ Int+10 Stlth-}
rPois   .          Reflect  .   (no helmet)
rElec   +          Harm     .   A - +0 cloak
rCorr   .          Rampage  .   (no gloves)
Will    .....                   w - +0 pair of boots
Stlth   +.........              (no amulet)
HPRegen 0.00/turn               k - +6 ring of dexterity
MPRegen 0.14/turn               (no ring)

@: sick
A: no striking features
a: Renounce Religion


You were on level 3 of the Abyss.
You worshipped Sif Muna.
Sif Muna was noncommittal.
You visited 2 branches of the dungeon, and saw 6 of its levels.
You visited the Abyss 1 time.

You collected 257 gold pieces.

Inventory:

Hand Weapons
 d - a +1 dagger of distortion
 D - a +8 club (weapon)
Missiles
 j - 2 silver javelins
 p - 2 throwing nets
Armour
 a - a +0 robe
 w - a +0 pair of boots (worn)
 y - the +0 leather armour of Toepp (worn) {rElec rF+ Int+10 Stlth-}
   (You took it off a kobold on level 4 of the Dungeon)

   Int:       It affects your intelligence (+10).
   rF:        It protects you from fire.
   rElec:     It insulates you from electricity.
   Stlth:     It makes you less stealthy.
 A - a +0 cloak (worn)
Jewellery
 k - a +6 ring of dexterity (left hand)
Wands
 s - a wand of polymorph (7)
 z - a wand of mindburst (5)
 C - a wand of iceblast (6)
Scrolls
 c - a scroll of enchant armour {unknown}
 e - a scroll of torment {unknown}
 f - 2 scrolls of summoning {unknown}
 h - 6 scrolls of identify
 i - a scroll of noise {unknown}
 l - 2 scrolls of immolation {unknown}
 n - 2 scrolls of teleportation
 q - a scroll of acquirement {unknown}
 t - a scroll of silence {unknown}
 v - a scroll of blinking {unknown}
 x - a scroll of enchant weapon {unknown}
 B - a scroll of brand weapon {unknown}
Potions
 b - 2 potions of haste {unknown}
 g - 2 potions of ambrosia
 m - 2 potions of curing {unknown}
 o - a potion of magic {unknown}
 r - a potion of flight {unknown}
 u - 2 potions of heal wounds {unknown}


   Skills:
 - Level 2.5 Dodging
 - Level 2.6 Stealth
 + Level 4.6 Spellcasting
 + Level 4.0 Translocations
 + Level 6.1 Ice Magic


You had 10 spell levels left.
You knew the following spells:

 Your Spells              Type           Power      Damage    Failure   Level
a - Freeze                Ice            100%       1d11      1%          1
b - Ozocubu's Armour      Ice            41%        N/A       2%          3
c - Blink                 Tloc           58%        N/A       2%          2

Your spell library contained the following spells:

 Spells                   Type           Power      Damage    Failure   Level
 Frozen Ramparts          Ice            82%        1d10      2%          3
 Lesser Beckoning         Tloc           29%        N/A       5%          3
 Hailstorm                Conj/Ice       23%        3d7       26%         4
 Manifold Assault         Tloc           29%        N/A       45%         5


Dungeon Overview and Level Annotations

Branches:
Dungeon (5/15)             Temple (1/1) D:5

Altars:
Ashenzari
Cheibriados
Dithmenos
Fedhas
Hepliaklqana
Makhleb
Qazlal
Ru
Sif Muna
Uskayaw
Vehumet
Xom
Yredelemnul
Zin
The Shining One

Shops:
D:5 *

Annotations:
D:2 1 runed translucent door, exclusion: door, Crazy Yiuf
D:3 1 runed translucent door, jlumianski's ghost, amateur DsGl
D:4 1 runed translucent door, exclusions: door and lemure, sammy202020's ghost, novice DsBe


Message History

You are cast into the Abyss!
This branch contains the abyssal rune of Zot.
You hit the ancient zyme.
The ancient zyme is lightly damaged.
You hit the ancient zyme but do no damage.
The ancient zyme is lightly damaged.
The ancient zyme closely misses you. The ancient zyme barely misses you.
You feel yourself growing ill in the presence of the ancient zyme.
You hit the ancient zyme but do no damage.
The ancient zyme is lightly damaged.
The ancient zyme hits you! x2
You hit the ancient zyme.
The ancient zyme is lightly damaged.
The ancient zyme hits you! The ancient zyme misses you.
You hit the ancient zyme.
The ancient zyme is moderately damaged.
The ancient zyme hits you! The ancient zyme completely misses you.
The ancient zyme barely misses you.
The ancient zyme hits you but does no damage.
You feel ill.
You hit the ancient zyme but do no damage.
The ancient zyme is lightly damaged.
The ancient zyme barely misses you. The ancient zyme closely misses you.
You feel ill.
You sock the ancient zyme!
The ancient zyme is moderately damaged.
The ancient zyme hits you!
* * * LOW HITPOINT WARNING * * *
The ancient zyme completely misses you.
You feel ill.
You closely miss the ancient zyme.
The ancient zyme is moderately damaged.
The ancient zyme hits you.
* * * LOW HITPOINT WARNING * * *
The ancient zyme closely misses you. The ancient zyme hits you.
* * * LOW HITPOINT WARNING * * *
The ancient zyme barely misses you.
You hit the ancient zyme.
The ancient zyme is heavily damaged.
The ancient zyme barely misses you. The ancient zyme hits you!
You die...

... # #.. ..
... .#.......
.. #.......#
.....#. .. .
.#.....# ...
...#.#.#
#....###.#...#
.......x@...#
...#.###.#.#.#
...#..
.#.#...#
.........# ..
... ##... ...
...# . ...
.#...


You could see an ancient zyme.

Vanquished Creatures
  Pikel (D:4)
  A lemure (D:4)
  2 iguanas (D:5)
  Ijyb (D:5)
  An orc wizard (D:4)
  Robin (D:4)
  4 adders
  An ufetubus (D:5)
  3 dart slugs
  7 orcs
  8 bats
  6 endoplasms
  2 giant cockroaches (D:3)
  10 goblins
  7 hobgoblins
  7 kobolds
  A quokka (D:3)
  7 ball pythons
  4 frilled lizards
  5 rats
79 creatures vanquished.

Notes
Turn   | Place    | Note
-------+----------+-------------------------------------------
     0 | D:1      | rabbitsville the Human Ice Elementalist began the quest for
                  | the Orb.
     0 | D:1      | Reached XP level 1. HP: 13/13 MP: 3/3
   391 | D:1      | Reached XP level 2. HP: 15/19 MP: 1/5
  1084 | D:1      | Reached XP level 3. HP: 24/24 MP: 6/6
  1935 | D:2      | Found a runed translucent door.
  1936 | D:2      | Noticed Crazy Yiuf
  2356 | D:2      | Reached XP level 4. HP: 30/30 MP: 3/7
  2971 | D:3      | Found a runed translucent door.
  2975 | D:3      | Noticed jlumianski's ghost (amateur DsGl)
  3006 | D:3      | Found a faded altar of an unknown god.
  3587 | D:3      | Found a stormy altar of Qazlal.
  3772 | D:4      | Noticed a lemure
  3781 | D:4      | Upgraded the game from 0.29-a0-243-g602b31c20e to
                  | 0.29-a0-270-g1586fc07ea
  3853 | D:4      | Reached skill level 1 in Translocations
  3882 | D:4      | Reached XP level 5. HP: 30/35 MP: 9/9
  4022 | D:4      | Found a runed translucent door.
  4022 | D:4      | Noticed sammy202020's ghost (novice DsBe)
  4159 | D:4      | Noticed Robin
  4168 | D:4      | Killed Robin
  4181 | D:4      | Identified the +0 leather armour of Toepp {rElec rF+ Int+10
                  | Stlth-}
  4218 | D:4      | Learned a level 3 spell: Ozocubu's Armour
  4268 | D:4      | Found a sacrificial altar of Ru.
  4271 | D:4      | Found a radiant altar of Vehumet.
  4303 | D:4      | Found a basalt altar of Yredelemnul.
  4519 | D:4      | Noticed a lemure
  4549 | D:4      | Killed a lemure
  4622 | D:4      | Noticed Pikel
  4625 | D:4      | Noticed a lemure
  4636 | D:4      | Noticed a lemure
  4637 | D:4      | Killed Pikel
  4638 | D:4      | Reached skill level 5 in Ice Magic
  4638 | D:4      | Reached XP level 6. HP: 8/41 MP: 1/12
  4638 | D:4      | Reached XP level 7. HP: 9/46 MP: 1/13
  4882 | D:4      | Learned a level 2 spell: Blink
  5103 | D:5      | Entered Level 5 of the Dungeon
  5124 | D:5      | Found a staircase to the Ecumenical Temple.
  5133 | Temple   | Entered the Ecumenical Temple
  5185 | Temple   | Became a worshipper of Sif Muna the Loreminder
  5241 | D:5      | Reached skill level 6 in Ice Magic
  5359 | D:5      | Found Zin's Purification Station.
  5362 | D:5      | Found a glowing silver altar of Zin.
  5611 | D:5      | Noticed Ijyb
  5629 | D:5      | Killed Ijyb
  5630 | D:5      | Reached XP level 8. HP: 37/52 MP: 8/15
  5721 | D:5      | Cast into level 3 of the Abyss (unwielding a weapon of
                  | distortion)
  5723 | Abyss:3  | Noticed an ancient zyme
  5730 | Abyss:3  | HP: 2/52 [ancient zyme (2)]
  5731 | Abyss:3  | Mangled by an ancient zyme

Illustrated notes

Levels and vault maps discovered:
D:1:      psy_arrival_radial02, layout_basic, serial_corexii_hall,
          chequers_hall_statues_y, corexii_hall_statues_deadend,
          chequers_hall_statues_y, corexii_hall_statues_u,
          chequers_hall_statues_y, chequers_hall_statues_wall_a,
          grunt_decor_clamped, minmay_hexomino_u4
D:2:      layout_basic, uniq_crazy_yiuf_cottage
D:3:      layout_loops_ring, mainiacjoe_overflow_six_doors_small,
          shapermc_ecumenical_altar_venn, ebering_ghost_reflecting_pool
D:4:      minmay_general_purpose_star, layout_basic,
          nicolae_overflow_hidden_temple, hellmonk_ghost_happy_afterlife,
          minmay_close_crescents, uniq_robin, uniq_pikel
D:5:      layout_basic, overflow_temple_1_default, zin_purify,
          minmay_temple_entry_waves, serial_shops, nicolae_shop_behind_doors,
          nicolae_shop_temple_entry_statues_fountains, uniq_grinder, uniq_ijyb
Temple:   eino_wide_crystal_templ
Abyss:3:  base: D:3, minivault_23, minivault_25

Skill      XL: |  1  2  3  4  5  6  7 |
---------------+----------------------+-----
Translocations | 1 3 4 |  4.0
Spellcasting   | 4 |  4.6
Ice Magic      | 5 6 |  6.1
Dodging        | |  2.5
Stealth        | |  2.6

Action                   |  1- 3 |  4- 6 |  7- 9 || total
-------------------------+-------+-------+-------++-------
Melee: Dagger            |    44 |    69 |     9 ||   122
       Punch             |       |     1 |       ||     1
       Club              |       |       |     9 ||     9
Throw: Javelin           |     1 |     2 |     3 ||     6
 Cast: Freeze            |    17 |    37 |     9 ||    63
       Ozocubu's Armour  |       |       |     2 ||     2
  Use: Scroll            |       |     2 |       ||     2
       Potion            |       |     1 |       ||     1
 Stab: Sleeping          |     6 |     6 |       ||    12
Armor: Robe              |     9 |    11 |       ||    20
       Leather armour    |       |     5 |     4 ||     9
Dodge: Dodged            |    33 |    58 |    24 ||   115

Table legend: (Time is in decaauts)
 A = Elapsed time spent in this place.
 B = Non-inter-level travel time spent in this place.
 C = Inter-level travel time spent in this place.
 D = Time resting spent in this place.
 E = Time spent auto-exploring this place.
 F = Levels seen in this place.
 G = Mean time per level.
                   A        B        C        D        E       F      G
               +--------+--------+--------+--------+--------+-----+--------+
         Total |   5740 |   5548 |    192 |   1058 |   1947 |   7 |  820.0 |
       Dungeon |   5641 |   5449 |    192 |   1058 |   1913 |   5 | 1128.2 |
        Temple |     87 |     87 |      0 |      0 |     34 |   1 |   87.0 |
         Abyss |     11 |     11 |      0 |      0 |      0 |   1 |   11.0 |
               +--------+--------+--------+--------+--------+-----+--------+

Top non-repeatable levels by time:
     D:1: 1639 daAuts
     D:4: 1336 daAuts
     D:2: 1146 daAuts
     D:3: 1007 daAuts
     D:5: 510 daAuts
  Temple: 87 daAuts
 Abyss:3: 11 daAuts
